 Dungeon Crawl Stone Soup version 0.19-a0-1697-g0595f0e (webtiles) character file.

569 kae the Conjurer (level 7, -9/41 HPs)
             Began as an Octopode Conjurer on Sept 26, 2016.
             Was a Follower of Vehumet.
             Mangled by an ogre
             ... wielding a +0 giant club
              (27 damage)
             ... on level 4 of the Dungeon.
             The game lasted 00:06:38 (4150 turns).

kae the Conjurer (Octopode Conjurer)                Turns: 4150, Time: 00:06:38

Health: -9/41      AC:  9    Str:  7    XL:     7   Next: 33%
Magic:  10/13      EV: 13    Int: 19    God:    Vehumet [*.....]
Gold:   171        SH:  0    Dex: 13    Spells: 3 memorised, 8 levels left

rFire  . . .     SeeInvis .     a - +1 dagger (protect)
rCold  . . .     Gourm    .     (no shield)
rNeg   . . .     Faith    .     (helmet restricted)
rPois  .         Spirit   .     (no amulet)
rElec  .         Dismiss  .     m - ring of loudness (curse)
rCorr  .         Reflect  .     (no ring)
MR     .....     Harm     .     (no ring)
Stlth  ++........               (no ring)
                                (no ring)
                                (no ring)
                                (no ring)
                                (no ring)

@: protection aura, very slightly contaminated
A: almost no armour, stealthy swim, amphibious, 8 rings, constrict 8, camouflage
1, gelatinous body 1
a: Renounce Religion


You were on level 4 of the Dungeon.
You worshipped Vehumet.
Vehumet was aware of your devotion.
You were not hungry.

You visited 1 branch of the dungeon, and saw 4 of its levels.

You collected 171 gold pieces.

Inventory:

Hand Weapons
 a - a +1 dagger of protection (weapon)
 b - a +0 dagger of flaming
Jewellery
 h - a cursed -2 ring of evasion {unknown}
 m - a cursed ring of loudness (left tentacle)
Scrolls
 e - 8 scrolls of identify
 g - 2 scrolls of fog {unknown}
Potions
 c - a potion of berserk rage
 n - a potion of degeneration {unknown}
 o - a potion of curing
Books
 d - a book of Frost

   Spells                             Type                      Level
   a - Freeze                         Ice                          1
   b - Throw Frost                    Conjuration/Ice              2
   c - Ozocubu's Armour               Charms/Ice                   3
   d - Throw Icicle                   Conjuration/Ice              4
   e - Summon Ice Beast               Ice/Summoning                4
 i - a book of Conjurations

   Spells                             Type                      Level
   a - Magic Dart                     Conjuration                  1
   b - Searing Ray                    Conjuration                  2
   c - Dazzling Spray                 Conjuration/Hexes            3
   d - Fulminant Prism                Conjuration/Hexes            4
   e - Iskenderun's Mystic Blast      Conjuration                  4
   f - Iskenderun's Battlesphere      Conjuration/Charms           5
Comestibles
 f - 2 bread rations
 j - a slice of pizza
 k - a beef jerky
 l - a meat ration


   Skills:
 - Level 2.0 Dodging
 - Level 2.6 Stealth
 + Level 4.4 Spellcasting
 * Level 7.4 Conjurations


You had 8 spell levels left.
You knew the following spells:

 Your Spells              Type           Power        Failure   Level  Hunger
a - Magic Dart            Conj           ####         1%          1    None
b - Sting                 Conj/Pois      ###.         3%          1    None
c - Iskenderun's Mystic   Conj           ####....     8%          4    ####...


Dungeon Overview and Level Annotations

Branches:
Dungeon (4/15)
 Temple: D:4-7

Altars:
Gozag
Hepliaklqana
Qazlal
Ru
Sif Muna
Trog
Uskayaw
Vehumet
Zin


Innate Abilities, Weirdness & Mutations

You cannot wear most types of armour.
You are very stealthy in the water.
You are amphibious.
You can wear up to eight rings at the same time.
You can use your tentacles to constrict eight enemies at once.
Your skin changes colour to match your surroundings (Stealth+).
Your rubbery body absorbs attacks. (AC +1, EV +1)


Message History

Aim: an ogre, wielding a giant club The sting hits the ogre.
The ogre is lightly wounded.
The ogre hits you with a giant club!!
You hit the ogre. You squeeze the ogre.
The ogre is moderately wounded.
You hit the ogre.
The ogre is heavily wounded.
The ogre closely misses you.
Casting: Sting
Confirm with . or Enter, or press ? or * to list all spells.
Aiming: Sting
Press: ? - help, Shift-Dir - straight line, f/p - ogre
Aim: an ogre, wielding a giant club (heavily wounded)
You miscast Sting.
You are very lightly contaminated with residual magic.
Wisps of smoke drift from your tentacles.
The ogre hits you with a giant club!!
Ouch! That really hurt!
You die...

.# #. ... .. ...
#. #.##.##
.##.....#
........#
.....$†o# #O#
#######@#
.....#..# #....##
##.....##
#.......#
#####..>..##
.........#########
.####.#.###......#
##### .####.#.#
#.####.###...##


You could see an ogre and an orc.

Vanquished Creatures
  An ogre (D:3)
  A bullfrog (D:4)
  A scorpion (D:4)
  Natasha (twice) (D:3)
  2 adders
  18 gnolls
  An ooze (D:3)
  2 worms
  A leopard gecko (D:3)
  7 orcs
  8 giant cockroaches
  5 goblins
  6 hobgoblins
  8 jackals
  11 kobolds
  2 quokkas (D:4)
  7 bats
  5 frilled lizards
  6 rats
94 creatures vanquished.

Vanquished Creatures (others)
  Natasha (D:3)
1 creature vanquished.

Grand Total: 95 creatures vanquished

Notes
Turn   | Place    | Note
-------+----------+-------------------------------------------
     0 | D:1      | kae the Octopode Conjurer began the quest for the Orb.
     0 | D:1      | Reached XP level 1. HP: 11/11 MP: 3/3
   262 | D:1      | Reached XP level 2. HP: 13/17 MP: 1/5
   699 | D:1      | Reached XP level 3. HP: 20/21 MP: 3/6
  1374 | D:2      | Found a sacrificial altar of Ru.
  1554 | D:2      | Found a hazy altar of Hepliaklqana.
  1560 | D:2      | Found a bloodstained altar of Trog.
  1562 | D:2      | Found a deep blue altar of Sif Muna.
  1564 | D:2      | Found a hide-covered altar of Uskayaw.
  1565 | D:2      | Found a radiant altar of Vehumet.
  1572 | D:2      | Became a worshipper of Vehumet
  1642 | D:2      | Found a glowing silver altar of Zin.
  1643 | D:2      | Found an opulent altar of Gozag.
  1682 | D:3      | Noticed Natasha
  1688 | D:3      | Killed Natasha
  1688 | D:3      | Reached skill level 5 in Conjurations
  1688 | D:3      | Reached XP level 4. HP: 23/27 MP: 5/8
  2124 | D:3      | Reached XP level 5. HP: 31/31 MP: 4/9
  2611 | D:3      | Reached * piety under Vehumet
  2611 | D:3      | Offered knowledge of Sting by Vehumet.
  2611 | D:3      | Reached skill level 6 in Conjurations
  2950 | D:3      | Reached XP level 6. HP: 36/36 MP: 1/11
  3050 | D:3      | Noticed Natasha
  3058 | D:3      | Killed Natasha
  3094 | D:3      | Found a stormy altar of Qazlal.
  3114 | D:3      | Noticed an air elemental
  3119 | D:3      | Noticed a water elemental
  3218 | D:3      | Learned a level 1 spell: Sting
  3223 | D:3      | Noticed Natasha
  3223 | D:3      | Learned a level 4 spell: Iskenderun's Mystic Blast
  3259 | D:3      | Killed Natasha
  3734 | D:3      | Noticed a fire elemental
  3802 | D:4      | Reached skill level 7 in Conjurations
  3802 | D:4      | Reached XP level 7. HP: 34/41 MP: 5/13
  4150 | D:4      | Mangled by an ogre

Vault maps used:
D:1:      lightli_arrival_flooded_house, minmay_strange_pillars, hex_tiny
D:2:      grunt_temple_overflow_gold_and_silver, minitemple, first_bread
D:3:      nicolae_qazlal_style_of_elements, dk_noncrumbling_3, feat_on_display,
          uniq_natasha
D:4:      uniq_grinder

Skill      XL: |  1  2  3  4  5  6 |
---------------+-------------------+-----
Conjurations   | 5 6 7 |  7.4
Spellcasting   | 3 4 |  4.4
Dodging        | |  2.0
Stealth        | |  2.6

Action                   |  1- 3 |  4- 6 |  7- 9 || total
-------------------------+-------+-------+-------++-------
Melee: Unarmed           |    12 |       |       ||    12
       Constrict         |    11 |    21 |     5 ||    37
       Tentacles         |     9 |    11 |     5 ||    25
       Dagger            |    43 |    77 |    23 ||   143
 Cast: Magic Dart        |    60 |   102 |    10 ||   172
       Sting             |       |    12 |     5 ||    17
  Use: Scroll            |     5 |       |       ||     5
       Potion            |       |     3 |       ||     3
  Eat: Chunk             |     3 |     6 |     2 ||    11
Armor: Skin              |    13 |    38 |     4 ||    55
Dodge: Dodged            |    58 |   110 |    14 ||   182
